Map: Bel'Shir Vestige LE (Void)

Players

Mark - Winner!

  • Race: Zerg Zerg
  • League: Master
  • Spawn Location: 5:00

Railgan

  • Race: Zerg Zerg
  • League: Grandmaster
  • Spawn Location: 11:00

VOD

Have the link to the VOD?

Description

Time

  • Played on: March 13, 2017, 6:13 p.m.
  • Length: 9:43
Show
View Real Time Build Order
Export as new Build Order

Mark Zerg - Winner!

Build Orders: Pool First 

Get SALT Encoding   

  12  0:01  Drone  
  13  0:13  Overlord  
  13  0:18  Drone  
  14  0:32  Drone x2  
  14  0:34  Drone  
  17  0:45  Spawning Pool  
  17  0:49  Drone  
  17  1:11  Hatchery  
  17  1:14  Drone  
  18  1:32  Zergling x4  
  18  1:33  Zergling x2, Queen  
  22  1:43  Overlord  
  22  2:03  Drone  
  22  2:06  Drone  
  24  2:09  Queen  
  26  2:19  Drone  
  27  2:23  Queen  
  27  2:24  Drone  
  27  2:28  Drone  
  30  2:34  Drone  
  31  2:38  Drone  
  32  2:45  Spine Crawler, Queen  
  32  2:49  Drone x2  
  32  2:51  Drone  
  36  2:57  Overlord  
  34  2:59  Drone x2  
  36  3:08  Roach Warren  
  36  3:10  Extractor  
  36  3:12  Extractor  
  33  3:14  Overlord  
  33  3:15  Drone  
  33  3:18  Drone  
  33  3:19  Drone x2  
  37  3:24  Drone  
  37  3:25  Evolution Chamber  
  37  3:28  Drone  
  37  3:30  Drone  
  37  3:31  Drone x2  
  37  3:32  Drone  
  42  3:39  Drone  
  43  3:42  Drone  
  44  3:52  Drone  
  45  3:56  Overlord  
  45  3:57  Roach x2  
  49  4:06  Overlord  
  49  4:12  Evolution Chamber  
  49  4:15  Spine Crawler, Roach x2  
  49  4:16  Roach  
  53  4:18  Roach  
  53  4:20  Roach  
  53  4:22  Queen  
  59  4:28  Roach  
  59  4:29  Roach  
  56  4:54  Roach  
  56  4:58  Roach  
  60  5:05  Roach  
  61  5:10  Drone  
  61  5:11  Overlord  
  61  5:12  Overlord x2  
  62  5:19  Overlord  
  62  5:20  Overlord  
  62  5:21  Drone x2  
  62  5:23  Overlord x2  
  62  5:24  Drone  
  62  5:25  Drone  
  62  5:27  Metabolic Boost  
  66  5:34  Roach  
  68  5:38  Roach  
  68  5:43  Roach  
  68  5:46  Zergling x4  
  72  5:50  Roach  
  72  5:54  Roach  
  76  5:58  Roach  
  76  6:03  Roach  
  66  6:09  Roach  
  64  6:15  Roach  
  64  6:16  Extractor  
  63  6:19  Zergling x6  
  63  6:20  Zergling x6  
  63  6:21  Zergling x6  
  63  6:25  Hatchery  
  71  6:26  Zergling x2  
  71  6:28  Zergling x2  
  73  6:38  Roach x2  
  75  6:47  Roach  
  75  6:48  Roach  
  68  6:54  Zergling x2  
  68  6:57  Zergling x8  
  68  6:58  Roach Warren, Zergling x2  
  68  7:00  Queen  
  75  7:03  Zergling x2  
  75  7:08  Zergling x2  
  72  7:10  Zergling x2  
  62  7:16  Zergling x4  
  62  7:17  Zergling x4  
  62  7:23  Lair  
  62  7:24  Zergling x2  
  62  7:25  Zerg Missile Weapons Level 1, Zergling x2  
  62  7:39  Roach x3  
  62  7:40  Queen  
  62  7:41  Roach x2  
  62  7:42  Roach  
  75  7:44  Roach  
  75  7:47  Roach x2  
  75  7:50  Drone x4  
  85  7:53  Roach  
  85  7:55  Roach  
  89  8:00  Roach  
  89  8:03  Roach  
  89  8:05  Roach  
  93  8:11  Roach  
  95  8:13  Roach  
  95  8:16  Roach  
  95  8:23  Roach  
  95  8:24  Roach  
  95  8:25  Zergling x4  
  95  8:26  Zergling x2  
  94  8:28  Zergling x2  
  94  8:30  Roach  
  94  8:31  Roach  
  93  8:38  Roach  
  93  8:39  Roach  
  97  8:43  Roach  
  97  8:46  Roach  
  98  8:49  Zergling x6  
  98  8:50  Zergling x2  
  98  8:52  Zergling x2  
  103  8:59  Roach  
  103  9:00  Roach  
  106  9:03  Roach  
  106  9:07  Baneling Nest  
  107  9:14  Roach  
  107  9:15  Roach x2  
  105  9:19  Roach  
  105  9:22  Roach  
Show
View Real Time Build Order
Export as new Build Order

Railgan Zerg 

Build Orders: Hatch First, Zergling Baneling 

Get SALT Encoding   

  12  0:01  Drone  
  13  0:12  Overlord  
  13  0:17  Drone  
  14  0:31  Drone x2  
  14  0:34  Drone  
  17  0:45  Drone  
  18  0:57  Hatchery  
  18  0:58  Drone  
  18  0:59  Extractor  
  17  1:13  Spawning Pool  
  17  1:16  Drone  
  17  1:18  Drone  
  18  1:28  Drone  
  19  1:38  Overlord  
  19  1:59  Queen  
  19  2:00  Zergling x4  
  23  2:08  Queen  
  23  2:09  Drone  
  23  2:14  Drone  
  23  2:15  Metabolic Boost  
  27  2:20  Drone  
  29  2:22  Drone  
  28  2:34  Zergling x2  
  28  2:35  Zergling x2  
  28  2:44  Drone x2  
  34  2:59  Drone  
  34  3:02  Overlord  
  35  3:10  Baneling Nest  
  35  3:12  Overlord  
  32  3:13  Zergling x2  
  32  3:14  Zergling x2  
  32  3:16  Zergling x2  
  35  3:22  Zergling x12  
  39  3:31  Zergling x2  
  39  3:32  Zergling x2  
  41  3:35  Hatchery  
  40  3:42  Zergling x2  
  40  3:47  Zergling x6  
  40  3:48  Zergling x2  
  45  3:54  Baneling x7  
  45  3:55  Baneling  
  45  3:57  Zergling x2  
  45  4:01  Zergling x2  
  47  4:03  Baneling  
  47  4:04  Baneling  
  47  4:06  Zergling x2  
  48  4:10  Zergling x4  
  50  4:17  Zergling x4  
  52  4:28  Zergling x8  
  52  4:29  Zergling x2  
  49  4:33  Zergling x2  
  49  4:36  Zergling x2  
  45  4:40  Zergling x4  
  45  4:43  Baneling x2  
  45  4:45  Zergling x2  
  45  4:54  Baneling x3  
  43  5:01  Zergling x10  
  46  5:12  Zergling x6  
  47  5:14  Zergling x2  
  47  5:15  Zergling x4  
  47  5:16  Baneling  
  47  5:17  Baneling  
  49  5:23  Zergling x2  
  49  5:26  Zergling x2  
  49  5:27  Zergling x2  
  52  5:28  Baneling  
  52  5:29  Baneling  
  52  5:30  Zergling x2  
  52  5:32  Zergling x2  
  49  5:45  Zergling x10  
  49  5:46  Baneling  
  53  5:53  Zergling x2  
  53  5:54  Zergling x2  
  53  5:58  Zergling x2  
  53  5:59  Zergling x2  
  53  6:03  Zergling x2  
  50  6:09  Zergling x2  
  50  6:10  Zergling x4  
  48  6:18  Zergling x8  
  44  6:22  Baneling x3  
  44  6:23  Baneling  
  47  6:26  Baneling  
  47  6:31  Zergling x6  
  50  6:35  Zergling x2  
  50  6:36  Baneling  
  50  6:38  Zergling x2  
  48  6:51  Zergling x10  
  50  6:54  Baneling  
  50  6:55  Baneling  
  50  6:59  Drone x2  
  48  7:09  Zergling x8  
  43  7:18  Drone  
  43  7:19  Drone x3  
  43  7:22  Zergling x4  
  45  7:25  Zergling x2  
  45  7:28  Zergling x2  
  45  7:29  Zergling x2  
  48  7:32  Zergling x2  
  48  7:36  Zergling x4  
  50  7:39  Zergling x2  
  51  7:44  Zergling x4  
  51  7:50  Baneling x6  
  53  7:54  Overlord  
  53  7:56  Zergling x2  
  54  8:00  Zergling x4  
  54  8:02  Zergling x2  
  54  8:04  Baneling  
  56  8:06  Baneling  
  56  8:08  Zergling x2  
  56  8:10  Overlord  
  55  8:25  Zergling x14  
  45  8:35  Zergling x8  
  48  8:42  Zergling x4  
  48  8:50  Baneling x3  
  47  8:58  Zergling x2  
  47  8:59  Zergling x8  
  52  9:04  Zergling x4  
  52  9:05  Baneling  
Tags
 
Add a new tag
Caveats
  • Supply blocks, unpowered buildings, or Contaminate may cause inaccurate times.
  • Supply counts are checked every 10 seconds.